[Event "56th Rubinstein Memorial D 2020"]
[Site "Polanica Zdroj"]
[Date "2020.08.16"]
[Round "2.18"]
[White "Zarzecki, Dymitr Stanislaw"]
[Black "Garwacki, Kornel"]
[Result "1/2-1/2"]
[ECO "A05"]
[WhiteElo "1596"]
[BlackElo "1492"]
[Annotator "NA"]
[PlyCount "89"]
[EventDate "2020.08.15"]
[EventType "swiss"]
[EventCountry "POL"]
[SourceTitle "playchess.com"]
[Source "ChessBase"]
[SourceQuality "1"]
[TimeControl "40/5400+30:1800+30"]

1. Nf3 Nf6 2. c4 d6 3. b3 e5 4. Bb2 c5 5. g3 Nc6 6. d3 g6 7. Bg2 Bg7 8. O-O O-O 9. Nc3 Nh5 10. Nd5 f5 11. e3 Rf7 12. Ne1 Be6 13. Qd2 g5 14. f4 gxf4 15. exf4 exf4 16. Bxg7 Rxg7 17. Nxf4 Nxf4 18. Rxf4 Qf6 19. Rd1 Re8 20. Nc2 Bd7 21. d4 Rge7 22. Rf2 Bc8 23. dxc5 dxc5 24. Bd5+ Kh8 25. Re1 Ne5 26. Rfe2 Rd8 27. Qf4 Nd3 28. Rxe7 Nxf4 29. gxf4 Bd7 30. Bxb7 Qc3 31. R1e2 Qf6 32. Bd5 Bc6 33. R7e6 Qg7+ 34. Rg2 Bxd5 35. Rxg7 Bxe6 36. Rg2 Rd3 37. Kf1 Bd7 38. Ke2 Rc3 39. Ke1 Bc6 40. Rf2 Be4 41. Kd1 Kg7 42. Na3 a6 43. Nc2 Kh6 44. Kc1 Kh5 45. Kb2 1/2-1/2

[Event "56th Rubinstein Memorial D 2020"]
[Site "Polanica Zdroj"]
[Date "2020.08.16"]
[Round "2.19"]
[White "Lukasiewicz, Aleksander"]
[Black "Soszka, Szymon"]
[Result "1-0"]
[ECO "B13"]
[WhiteElo "1960"]
[BlackElo "1206"]
[Annotator "ChessBase"]
[PlyCount "57"]
[EventDate "2020.08.15"]
[EventType "swiss"]
[EventCountry "POL"]
[SourceTitle "playchess.com"]
[Source "ChessBase"]
[SourceQuality "1"]
[TimeControl "40/5400+30:1800+30"]

1. e4 c6 2. d4 d5 3. exd5 cxd5 4. Bd3 Nf6 5. c3 Bg4 6. Qb3 Qc8 7. Bf4 e6 8. Nd2 Nc6 9. Ngf3 Be7 10. O-O O-O 11. Ne5 Nh5 12. Be3 Nf6 13. Bg5 Bh5 14. Rfe1 Nd7 15. Bxe7 Nxe7 16. Re3 Nxe5 17. dxe5 Bg6 18. Nf3 Qc7 19. Rd1 Bxd3 20. Rdxd3 Nf5 21. Re1 Rfd8 22. h3 Rd7 23. g4 Ne7 24. Nd4 a6 25. f4 Nc6 26. Nf3 Ne7 27. Qc2 Qc4 28. Rd4 Qxa2 29. Ra4 1-0

[Event "56th Rubinstein Memorial D 2020"]
[Site "Polanica Zdroj"]
[Date "2020.08.16"]
[Round "2.20"]
[White "Lisiecki, Robert"]
[Black "Stachowiak, Bruno"]
[Result "0-1"]
[ECO "C49"]
[WhiteElo "1749"]
[BlackElo "1369"]
[Annotator "NA"]
[PlyCount "66"]
[EventDate "2020.08.15"]
[EventType "swiss"]
[EventCountry "POL"]
[SourceTitle "playchess.com"]
[Source "ChessBase"]
[SourceQuality "1"]
[TimeControl "40/5400+30:1800+30"]

1. e4 e5 2. Nf3 Nc6 3. Nc3 Nf6 4. Bb5 Bb4 5. O-O O-O 6. d3 d6 7. Bg5 h6 8. Bxf6 gxf6 9. Nd5 Bc5 10. Bxc6 bxc6 11. Ne3 Rb8 12. Nh4 Kh7 13. Nef5 Bxf5 14. Nxf5 Rg8 15. Kh1 Rg6 16. f4 exf4 17. Rxf4 d5 18. Qf3 Bd6 19. Rh4 dxe4 20. Qxe4 Bf8 21. b3 Qd5 22. Re1 Re8 23. Ne7 Rxe7 24. Rxh6+ Bxh6 25. Qxg6+ Kxg6 26. Rxe7 Qc5 27. Re2 Qc3 28. h4 Qa1+ 29. Kh2 Qf1 30. Re4 Bf4+ 31. Kh3 Qh1+ 32. Kg4 f5+ 33. Kxf4 fxe4 0-1

[Event "56th Rubinstein Memorial D 2020"]
[Site "Polanica Zdroj"]
[Date "2020.08.17"]
[Round "3.4"]
[White "Bienkowski, Zbigniew"]
[Black "Lewandrowski, Tomasz"]
[Result "1-0"]
[ECO "B21"]
[WhiteElo "1739"]
[BlackElo "1879"]
[Annotator "NA RC"]
[PlyCount "51"]
[EventDate "2020.08.15"]
[EventType "swiss"]
[EventCountry "POL"]
[SourceTitle "playchess.com"]
[Source "ChessBase"]
[SourceQuality "1"]
[TimeControl "40/5400+30:1800+30"]

1. e4 c5 2. d4 cxd4 3. c3 dxc3 4. Nxc3 e6 5. Nf3 Bb4 6. Bd2 {[%emt 0:24:05] [#] B21: Sicilian: 2 f4 and Morra Gambit.} Bxc3 $146 ({Predecessor:} 6... Nc6 7. a3 Ba5 8. Bd3 d6 9. O-O Nf6 10. Re1 e5 11. h3 Bxc3 12. Bxc3 Be6 13. Qe2 Qe7 {½-½ (41) Wu,Y (1465)-Harandi,T (1487) Torquay 2019}) 7. Bxc3 Nf6 8. Bd3 d5 9. e5 Nfd7 10. O-O Nc6 11. Re1 Nf8 (11... b6 $11) 12. Qd2 (12. Qa4 $16) 12... Bd7 {[%emt 0:02:17] [#]} (12... Ng6 $11) 13. b4 $1 Ng6 14. g3 (14. b5 $16 Nce7 15. h4) 14... O-O (14... a6 $14) 15. h4 Re8 $2 (15... d4 $14 16. Bb2 (16. Nxd4 Nxd4 17. Bxd4 Bc6 $11) 16... a6) 16. h5 Nf8 17. h6 Ne7 18. hxg7 Kxg7 19. Kg2 Nfg6 20. Rh1 Ng8 $2 (20... Rh8 21. Rh5 Kg8) 21. Rh5 f5 22. exf6+ Nxf6 23. Qh6+ Kf7 24. Ng5+ Ke7 25. Qg7+ Kd6 26. Bxf6 $18 1-0

[Event "56th Rubinstein Memorial D 2020"]
[Site "Polanica Zdroj"]
[Date "2020.08.17"]
[Round "3.5"]
[White "Simon, Marek"]
[Black "Kalkowski, Igor"]
[Result "1-0"]
[ECO "D20"]
[WhiteElo "1878"]
[BlackElo "1747"]
[Annotator "NA RC"]
[PlyCount "44"]
[EventDate "2020.08.15"]
[EventType "swiss"]
[EventCountry "POL"]
[SourceTitle "playchess.com"]
[Source "ChessBase"]
[SourceQuality "1"]
[TimeControl "40/5400+30:1800+30"]

1. d4 d5 2. c4 dxc4 3. e4 c5 4. d5 Nf6 5. Nc3 b5 6. Nxb5 {[%emt 0:16:18] D20: Queen's Gambit Accepted: 3 e3 and 3 e4.} Qa5+ 7. Nc3 Nxe4 $1 8. Qa4+ Qxa4 9. Nxa4 {[%emt 0:00:11] [#]} Nd7 $146 ({Predecessor:} 9... Bd7 10. f3 Bxa4 11. fxe4 Bc2 12. e5 Be4 13. Be3 Bxd5 14. Bxc5 Nd7 15. Bd4 e6 {0-1 (25) Salomons,Q-Reichardt,R (1707) Rotterdam 2015}) 10. Bxc4 Nd6 11. Be2 Bb7 12. Be3 Bxd5 13. Nf3 Rc8 14. O-O e6 15. Rfc1 Ne4 16. Bb5 Bc6 17. Nd4 (17. Bxc6 $11 {remains equal.} Rxc6 18. Nc3) 17... Bxb5 (17... cxd4 $17 18. Bxc6 dxe3 19. Bxe4 exf2+ 20. Kxf2 Bc5+ 21. Nxc5 Nxc5) 18. Nxb5 Be7 19. Rc4 a6 20. Na7 Nd6 21. Nxc8 Nxc4 22. Nxe7 Nxb2 $18 (22... Kxe7 $15 {keeps the upper hand.} 23. Bxc5+ Nxc5 24. Nxc5 Nxb2) 1-0

[Event "56th Rubinstein Memorial D 2020"]
[Site "Polanica Zdroj"]
[Date "2020.08.17"]
[Round "3.6"]
[White "Ursnik, Patryk"]
[Black "Podgorski, Maciej"]
[Result "1-0"]
[ECO "B22"]
[WhiteElo "1601"]
[BlackElo "1810"]
[Annotator "NA RC"]
[PlyCount "75"]
[EventDate "2020.08.15"]
[EventType "swiss"]
[EventCountry "POL"]
[SourceTitle "playchess.com"]
[Source "ChessBase"]
[SourceQuality "1"]
[TimeControl "40/5400+30:1800+30"]

1. e4 c5 2. c3 d5 3. exd5 Qxd5 4. d4 Nf6 5. Nf3 Bg4 6. Be2 e6 7. h3 Bh5 8. O-O Be7 9. Be3 O-O {[%emt 0:01:12] B22: Sicilian: 2 c3.} 10. dxc5 Nbd7 11. b4 a5 12. Nbd2 axb4 13. cxb4 Rxa2 14. Bc4 Rxa1 15. Qxa1 Qc6 {[%emt 0:04:22] [#]} 16. Nd4 $146 ({Predecessor:} 16. Re1 Bxf3 17. Nxf3 Nd5 18. Nd4 Qc7 19. Bxd5 exd5 20. Bf4 Qd8 21. Qa7 Bf6 22. Rd1 {1-0 (37) Mukhina,J-Smorchkov,D Satka 2011}) 16... Qc8 17. Qa2 Ne5 18. Bg5 (18. Bf4 $14 Nc6 19. Nxc6 Qxc6 20. Be5) 18... Qd7 19. Nb5 Kh8 (19... Bg6 $15 20. Nc3 {[#]} Nd5 $1 21. Bxd5 Bxg5) 20. Bf4 Nc6 21. Qb3 e5 22. Be3 g5 $2 (22... Rd8 $11 {and Black has nothing to worry.}) 23. Bxg5 Rg8 24. Bxf6+ Bxf6 25. Ne4 Bh4 26. Ned6 Rg7 27. Qd3 (27. Ra1 $142) 27... Nxb4 28. Qf5 Qc6 {[%emt 0:02:05] [#]} 29. g4 $1 Bg6 30. Qxe5 Qf3 $2 (30... f6 31. Qe6 Na6) 31. Ne8 {[%emt 0:04:59] Pin} f6 32. Qb8 $2 ({Only move:} 32. Qd6 $18 Rg8 33. Bxg8) 32... Rg8 $2 (32... Nc6 $17 33. Nd4 {[#]} Bxf2+ $1 {[%mdl 576] Double Attack} 34. Kh2 Bxd4 35. Rxf3 Nxb8 36. Nxg7 Kxg7) 33. Bxg8 Be4 34. Qh2 Kxg8 35. Nd4 Qc3 (35... Bxf2+ $142 36. Rxf2 Qd1+ 37. Rf1 Qxd4+ 38. Qf2 Qxf2+ 39. Rxf2 Bc6 40. Nxf6+ Kg7 41. Nh5+ Kg8) 36. Qc7 Kf8 37. Ne6+ Kxe8 38. Qd8+ 1-0

[Event "56th Rubinstein Memorial D 2020"]
[Site "Polanica Zdroj"]
[Date "2020.08.17"]
[Round "3.7"]
[White "Janicki, Rafal"]
[Black "Grzebieniowski, Michal"]
[Result "1-0"]
[ECO "B14"]
[WhiteElo "1851"]
[BlackElo "1390"]
[Annotator "NA RC"]
[PlyCount "65"]
[EventDate "2020.08.15"]
[EventType "swiss"]
[EventCountry "POL"]
[SourceTitle "playchess.com"]
[Source "ChessBase"]
[SourceQuality "1"]
[TimeControl "40/5400+30:1800+30"]

1. e4 c6 2. d4 d5 3. exd5 cxd5 4. c4 Nf6 5. Nc3 e6 6. c5 Be7 7. Nf3 O-O 8. Bf4 b6 9. b4 a5 {[%emt 0:00:28] is the legacy move (9...Ne4).} 10. a3 {[%emt 0:00:53] B14: Caro-Kann: Panov-Botvinnik Attack with 5...e6 and 5...g6.} Bb7 11. Bb5 Ne4 12. Qc1 {[%emt 0:18:31] [#]} f5 $146 ({Predecessor:} 12... axb4 $11 13. axb4 Rxa1 (13... Nc6 14. Bxc6 Bxc6 15. Ne5 Be8 16. Rxa8 Qxa8 17. Nxe4 dxe4 18. O-O Bb5 {½-½ (33) Karagiannis,A (2391)-Kononenko,T (2388) Nikea 2002}) 14. Qxa1 Nc6 15. Bxc6 Bxc6) 13. h4 (13. O-O $16) 13... Bf6 14. Na4 (14. O-O $14) 14... bxc5 (14... Bc6 $15 15. Nxb6 Bxb5 16. Nxa8 axb4) 15. bxc5 Bc6 16. Rb1 $2 ({White should play} 16. Nc3 $11) 16... Bxb5 17. Rxb5 {[%emt 0:00:43] [#]} Nc6 (17... Qe8 $1 $17 18. Rxb8 Rxb8 19. Bxb8 Qxa4) 18. Qb2 {[%emt 0:01:21] [#]} ({White should play} 18. Qd1 $1 $15) 18... Ra7 (18... Qe8 $1 $17 19. Qe2 Nxd4 20. Nxd4 Bxd4) 19. Rb6 Qd7 20. Qb5 (20. Bg5 $1 $11 {was the only way to keep the balance.}) 20... Nxd4 21. Nxd4 $2 (21. Qxd7 $1 $11 {and White has nothing to worry.} Rxd7 22. Ne5 Bxe5 23. Bxe5 Nc2+ {[%mdl 64] Double Attack} 24. Ke2) 21... Bxd4 22. c6 Bxf2+ 23. Ke2 $2 (23. Kd1 Qe7 24. Rb8) 23... Qe8 24. Rb8 Qh5+ {[%emt 0:00:18] Double Attack} 25. Kd3 {[%emt 0:00:14] [#]} Ra8 $4 (25... Raf7 $1 $19 {and all is fine.} 26. c7 Qg4 {[%mdl 64] Double Attack}) 26. c7 Bg3 27. Rxa8 Rxa8 28. Qb8+ Kf7 29. Qxa8 Bxf4 30. c8=Q Nf2+ 31. Kd4 Qe2 32. Qe8+ Kf6 33. Qad8# 1-0

[Event "56th Rubinstein Memorial D 2020"]
[Site "Polanica Zdroj"]
[Date "2020.08.17"]
[Round "3.8"]
[White "Borowski, Przemyslaw"]
[Black "Szmidt, Przemyslaw"]
[Result "0-1"]
[ECO "B23"]
[WhiteElo "1790"]
[BlackElo "1831"]
[Annotator "NA RC"]
[PlyCount "101"]
[EventDate "2020.08.15"]
[EventType "swiss"]
[EventCountry "POL"]
[SourceTitle "playchess.com"]
[Source "ChessBase"]
[SourceQuality "1"]
[TimeControl "40/5400+30:1800+30"]

1. e4 c5 2. Nc3 Nc6 3. f4 g6 4. Nf3 Bg7 5. Bc4 d6 6. O-O e6 7. d3 {[%emt 0:05:56] 7.d4 is more fashionable.} Nge7 8. g4 {[%emt 0:14:04] [#] B23: Closed Sicilian: Lines without g3.} (8. Bb3 $11) 8... Nd4 $146 ({Predecessor:} 8... b6 9. f5 gxf5 10. gxf5 d5 11. Bb3 dxe4 12. Ng5 h6 13. Nxf7 Kxf7 14. fxe6+ Kg8 15. Nxe4 Qd4+ {½-½ (32) Luchaninov,R-Gogol,V (2032) Myrhorod 2011}) 9. f5 Nec6 (9... d5 $15 10. Bb3 Nxb3 11. axb3 exf5 12. gxf5 dxe4 13. dxe4 Qxd1 14. Rxd1 Bxc3 15. bxc3 gxf5) 10. fxe6 Bxe6 11. Bxe6 Nxe6 12. Nd5 O-O 13. g5 Ncd4 14. h4 Nc7 15. Nf6+ Kh8 (15... Bxf6 $15 16. gxf6 Qxf6) 16. c3 Nc6 17. Nh2 d5 18. Nhg4 dxe4 19. Nxe4 Ne6 20. Nef6 Qd6 21. Rf3 Rad8 22. Ne4 Qc7 23. Ngf6 (23. Be3 $11) 23... Ne5 24. Rh3 Qc8 (24... Bxf6 $1 $15 25. Nxf6 Nd7) 25. Qf1 Nd7 26. h5 (26. Bd2 $11) 26... Bxf6 $1 27. hxg6 {[%emt 0:05:10] [#]} Bd4+ $1 28. cxd4 fxg6 {[%emt 0:00:09] Discovered Attack} 29. Nf6 (29. Qg2 $17 Nxd4 30. Bd2) 29... Nxf6 30. gxf6 Nxd4 31. f7 $2 (31. Bh6 {was worth a try.} Rf7 32. Re1) 31... Qf5 ({Don't go for} 31... Rxf7 $2 32. Qxf7 Qg4+ 33. Kh2 $18) (31... Qg4+ $142 32. Kh2 Qe6) 32. Qxf5 Nxf5 ({But not} 32... gxf5 33. Bg5 $17) 33. Bg5 Rd6 34. Re1 Rxf7 (34... h5 $19 35. Re7 Kg7) 35. Re8+ Kg7 36. Bf4 Rd5 37. Be5+ {[%emt 0:00:20] [#]} Rxe5 $1 38. Rxe5 b6 39. Rh2 $2 (39. Rd5 $11 {and White is okay.}) 39... Rd7 $2 (39... Nd4 $19 40. Rh3 Nf3+ 41. Rxf3 Rxf3) 40. Rd2 Kf6 41. Re8 h5 42. Rde2 (42. a4 $11 {remains equal.}) 42... Rxd3 43. Rf8+ Kg5 44. Rf7 a5 45. Rb7 ({White should play} 45. Rg2+ $1 $15 Ng3 46. Rb7) 45... Rd6 46. Re8 (46. Kh2 {was called for.}) 46... Kg4 47. Reb8 Rd2 48. Rxb6 $19 Ng3 49. Rxg6+ Kh3 50. Rb3 Re2 51. Rb8 0-1

[Event "56th Rubinstein Memorial D 2020"]
[Site "Polanica Zdroj"]
[Date "2020.08.17"]
[Round "3.9"]
[White "Wawrzyniak, Pawel"]
[Black "Goral, Jan"]
[Result "1-0"]
[ECO "A80"]
[WhiteElo "1824"]
[BlackElo "1580"]
[Annotator "NA RC"]
[PlyCount "109"]
[EventDate "2020.08.15"]
[EventType "swiss"]
[EventCountry "POL"]
[SourceTitle "playchess.com"]
[Source "ChessBase"]
[SourceQuality "1"]
[TimeControl "40/5400+30:1800+30"]

1. d4 f5 2. Nf3 Nf6 3. g3 g6 4. Bg2 Bg7 5. O-O d6 6. b3 O-O 7. Bb2 e5 8. dxe5 Ng4 9. Qd5+ {[%emt 0:00:30] A81: Dutch Defence: 2 g3.} Kh8 10. Rd1 Nc6 11. Na3 Ngxe5 12. Nxe5 {[%emt 0:00:24] [#]} Bxe5 $146 ({Predecessor:} 12... Nxe5 13. Nc4 Nc6 14. Bxg7+ Kxg7 15. Na5 Nxa5 16. Qxa5 c6 17. Qb4 Rf6 18. Rd2 Qb6 19. Qf4 d5 20. Rad1 Be6 21. h4 h6 22. Qe5 Raf8 23. e3 {½-½ (23) Kolthoff,S (2186)-Pflantz,M (2217) Buchholz in der Nordheide 2000}) 13. Bxe5+ Nxe5 14. Nc4 Qf6 15. Nxe5 dxe5 16. Qc5 c6 17. Rd6 Be6 18. Rad1 Rfe8 19. a4 Qg7 20. a5 a6 $1 21. e3 e4 22. Bf1 f4 (22... Re7 $16 {keeps fighting.}) 23. exf4 ({Much less strong is} 23. gxf4 $6 Bf5 $16) 23... Bg4 24. R1d2 h6 25. Qd4 Qxd4 26. R2xd4 Bf5 27. Bc4 Kg7 28. Kf1 h5 29. Ke2 Rac8 30. Ke3 Rc7 31. Rd8 Rce7 32. Rxe8 Rxe8 33. Rd6 Bh3 34. Kd4 Bf5 35. Ke3 Bh3 36. Kd4 Bf5 37. Kc5 Bc8 38. Kb6 Rf8 39. Kc7 Bg4 40. Kxb7 Bf3 41. Kxa6 Ra8+ 42. Kb6 c5 43. Bd5 Rb8+ 44. Kxc5 Rc8+ 45. Rc6 Rd8 46. c4 Rb8 47. b4 Re8 48. Rc7+ Kh6 49. a6 e3 50. fxe3 Bxd5 51. cxd5 Ra8 52. a7 h4 53. gxh4 g5 54. hxg5+ Kg6 55. Kb6 1-0

[Event "56th Rubinstein Memorial D 2020"]
[Site "Polanica Zdroj"]
[Date "2020.08.17"]
[Round "3.12"]
[White "Klisowski, Bartosz"]
[Black "Pyka, Roman"]
[Result "0-1"]
[ECO "A05"]
[WhiteElo "1509"]
[BlackElo "1873"]
[Annotator "NA RC"]
[PlyCount "120"]
[EventDate "2020.08.15"]
[EventType "swiss"]
[EventCountry "POL"]
[SourceTitle "playchess.com"]
[Source "ChessBase"]
[SourceQuality "1"]
[TimeControl "40/5400+30:1800+30"]

1. Nf3 Nf6 2. g3 c5 3. Bg2 Nc6 4. c4 d5 5. d4 dxc4 6. Qa4 {[%emt 0:02:10] A30: Symmetrical English: Double Fianchetto and Hedgehog.} (6. Be3 $11 {remains equal.}) 6... Qa5+ (6... cxd4 $17 7. Nxd4 Qxd4 8. Bxc6+ Bd7 9. Bxd7+ Qxd7 10. Qxd7+ Kxd7) 7. Qxa5 Nxa5 8. dxc5 e6 9. Bd2 Nc6 10. Na3 Bxc5 11. Nxc4 O-O 12. O-O Ne4 {[%emt 0:01:15] [#]} 13. Be3 $146 ({Predecessor:} 13. Bf4 h6 14. h4 f6 15. Be3 Bxe3 16. Nxe3 Nd6 17. Rfd1 Nb5 18. Rd2 e5 19. Rad1 {½-½ (33) Czarnecka,L (1282)-Chrobot,P Jastrzebia Gora 2014}) 13... Bxe3 14. Nxe3 Rd8 15. Rfd1 Bd7 16. Nc4 (16. Nd4 $5 f5 17. Nb5 $14) 16... Be8 17. Nfe5 Nxe5 18. Nxe5 Nf6 19. Rac1 Rxd1+ 20. Rxd1 Rc8 21. Bxb7 Rb8 22. Bc6 Rxb2 23. Rd8 Kf8 24. Ra8 Rxa2 25. g4 h6 26. h4 Ke7 27. g5 hxg5 28. hxg5 Nd7 29. Bxd7 Bxd7 30. Rg8 g6 ({Black should try} 30... Be8 $1 $15 31. Rxg7 Kf8) 31. Rg7 Be8 32. Nxg6+ $1 Kd6 33. Nf4 (33. Nh8 $1 $11) 33... a5 34. Nh5 a4 35. Nf6 {[%emt 0:00:10] [#]} Bc6 $1 36. e4 $2 (36. Rxf7 $17 Rxe2 37. Ra7) 36... Ke7 37. e5 (37. Rh7 $142 Rb2 38. Ng8+ Kd6 39. Rxf7) 37... a3 (37... Ra1+ $142 38. Kh2 Rh1+ 39. Kg3 a3) 38. f3 Bxf3 39. Rg8 Bc6 40. Rc8 Rc2 41. Rc7+ Kd8 42. Rxf7 a2 43. Ra7 Rc1+ 44. Kf2 a1=Q 45. Rxa1 Rxa1 46. g6 Ra2+ 47. Kf1 Rg2 48. Nh5 Rxg6 49. Nf4 Rh6 50. Kf2 Ke7 51. Ke3 Kf7 52. Kf2 Rh4 53. Ke3 {[%emt 0:00:05] [#]} Rxf4 $1 54. Kxf4 Kg6 55. Ke3 Kf5 56. Kd4 Bb7 57. Ke3 Kxe5 58. Ke2 Ke4 59. Kd2 Ba6 60. Ke1 Kf3 0-1

[Event "56th Rubinstein Memorial D 2020"]
[Site "Polanica Zdroj"]
[Date "2020.08.17"]
[Round "3.13"]
[White "Bukala, Weronika"]
[Black "Szydelko, Kazimierz"]
[Result "1-0"]
[ECO "A45"]
[WhiteElo "1504"]
[BlackElo "1713"]
[Annotator "NA"]
[PlyCount "89"]
[EventDate "2020.08.15"]
[EventType "swiss"]
[EventCountry "POL"]
[SourceTitle "playchess.com"]
[Source "ChessBase"]
[SourceQuality "1"]
[TimeControl "40/5400+30:1800+30"]

1. d4 Nf6 2. Bg5 e6 3. e4 Be7 4. e5 Nd5 5. Bxe7 Qxe7 6. c4 Nb6 7. Nc3 d6 8. Qg4 O-O 9. Nf3 f6 10. exf6 Qxf6 11. Bd3 e5 12. Qh5 g6 13. dxe5 dxe5 14. Qh6 Bf5 15. Ng5 Qe7 16. O-O-O Nc6 17. c5 Bxd3 18. Rxd3 Rf5 19. h4 Nb4 20. Rdd1 Nc4 21. a3 Nc6 22. Nd5 Qg7 23. Qxg7+ Kxg7 24. Nxc7 Nd4 25. Nce6+ Nxe6 26. Rd7+ Kg8 27. Nxe6 Rf6 28. Ng5 Rc6 29. Nxh7 Rxc5 30. Nf6+ Kf8 31. Ne4 Rc6 32. Nc3 b5 33. Kc2 a5 34. Kb3 Nb6 35. Rh7 Kg8 36. Re7 a4+ 37. Ka2 Nc4 38. Rd1 Rac8 39. Rdd7 Nxb2 40. Nd5 Nd3 41. Rg7+ Kh8 42. Rh7+ Kg8 43. Rdg7+ Kf8 44. Rf7+ Ke8 45. Re7+ 1-0

[Event "56th Rubinstein Memorial D 2020"]
[Site "Polanica Zdroj"]
[Date "2020.08.17"]
[Round "3.14"]
[White "Garwacki, Kornel"]
[Black "Jurkiewicz, Joanna"]
[Result "1/2-1/2"]
[ECO "B00"]
[WhiteElo "1492"]
[BlackElo "1691"]
[Annotator "NA RC"]
[PlyCount "85"]
[EventDate "2020.08.15"]
[EventType "swiss"]
[EventCountry "POL"]
[SourceTitle "playchess.com"]
[Source "ChessBase"]
[SourceQuality "1"]
[TimeControl "40/5400+30:1800+30"]

1. e4 b6 2. d4 Bb7 3. f3 e6 4. c4 d5 5. Nc3 Nf6 6. Bg5 Be7 7. e5 Nfd7 8. Bxe7 Qxe7 9. f4 dxc4 10. Nf3 Bd5 11. Qa4 Bxf3 12. gxf3 Qh4+ 13. Ke2 O-O 14. Nb5 Rc8 15. Qxc4 Qxf4 16. Nd6 Nxe5 17. Qc3 Nxf3 18. Nxc8 Nxd4+ 19. Kd3 Qf3+ 20. Kxd4 c5+ 21. Kc4 Qd5+ 22. Kb5 Qxh1 23. Ne7+ Kf8 24. Rd1 Kxe7 25. Qxg7 Qc6+ 26. Kc4 Qa4+ 27. b4 Qxb4+ 28. Kd3 Qd4+ 29. Qxd4 cxd4 30. Bg2 Nc6 31. Bxc6 Rc8 32. Bb7 Rc7 33. Ba6 e5 34. Rd2 f5 35. Rf2 Rc3+ 36. Kd2 f4 37. Bd3 h6 38. Rg2 Ra3 39. Bc4 Rc3 40. Bd3 Ra3 41. Bc4 Rh3 42. Bf1 Ra3 43. Bc4 1/2-1/2

[Event "56th Rubinstein Memorial D 2020"]
[Site "Polanica Zdroj"]
[Date "2020.08.17"]
[Round "3.15"]
[White "Grzelak, Piotr"]
[Black "Ratajczak, Hubert"]
[Result "1/2-1/2"]
[ECO "B20"]
[WhiteElo "1664"]
[BlackElo "1513"]
[Annotator "NA RC"]
[PlyCount "81"]
[EventDate "2020.08.15"]
[EventType "swiss"]
[EventCountry "POL"]
[SourceTitle "playchess.com"]
[Source "ChessBase"]
[SourceQuality "1"]
[TimeControl "40/5400+30:1800+30"]

1. e4 c5 2. c4 d6 3. Ne2 Nf6 4. Nbc3 e6 5. d4 cxd4 6. Nxd4 a6 7. Be2 Qc7 8. Be3 b6 9. Qd2 Bb7 10. f3 Nbd7 11. Rc1 Be7 12. g4 h6 13. Kf2 Ne5 14. Bd3 Nfxg4+ 15. fxg4 Nxg4+ 16. Ke2 Nxe3 17. Qxe3 Bg5 18. Qg3 Bxc1 19. Rxc1 g5 20. Kd2 O-O-O 21. b4 Kb8 22. a4 Rc8 23. Nb3 Rhd8 24. a5 d5 25. cxd5 Qxg3 26. hxg3 exd5 27. Nxd5 Rxc1 28. Kxc1 Bxd5 29. exd5 bxa5 30. Nxa5 Rxd5 31. Bxa6 h5 32. Bc4 Rf5 33. Kd2 h4 34. gxh4 gxh4 35. Nc6+ Kc7 36. Nd4 Rf6 37. Ke3 h3 38. Nf3 Kd6 39. Bf1 Rh6 40. Nh2 f6 41. Ng4 1/2-1/2

[Event "56th Rubinstein Memorial D 2020"]
[Site "Polanica Zdroj"]
[Date "2020.08.17"]
[Round "3.16"]
[White "Perek, Oskar"]
[Black "Brzozowski, Pawel"]
[Result "0-1"]
[ECO "C00"]
[WhiteElo "1447"]
[BlackElo "1620"]
[Annotator "NA RC"]
[PlyCount "104"]
[EventDate "2020.08.15"]
[EventType "swiss"]
[EventCountry "POL"]
[SourceTitle "playchess.com"]
[Source "ChessBase"]
[SourceQuality "1"]
[TimeControl "40/5400+30:1800+30"]

1. e4 e6 2. Nf3 d5 3. exd5 exd5 4. d4 Nf6 5. Bf4 Bd6 6. Bxd6 Qxd6 7. Bd3 O-O 8. O-O Bg4 9. Nbd2 c5 10. dxc5 Qxc5 11. c3 Nc6 12. Qc2 Rac8 13. Rac1 Qd6 14. Qb1 Rfe8 15. h3 Bh5 16. g4 Bg6 17. Bxg6 hxg6 18. Rfe1 Qf4 19. Rxe8+ Rxe8 20. Re1 Ne4 21. Qd3 Re7 22. Re3 Nc5 23. Qe2 Rxe3 24. Qxe3 Qxe3 25. fxe3 Na4 26. c4 Nxb2 27. cxd5 Nb4 28. d6 f6 29. Nd4 Kf7 30. Ne4 Nd1 31. Nc5 b6 32. Nb7 Ke8 33. a3 Nd3 34. Ne6 Ne5 35. Nxg7+ Kf7 36. Nh5 gxh5 37. gxh5 Ke8 38. Kg2 Nxe3+ 39. Kg3 Nf5+ 40. Kf4 Nh6 41. Ke4 Kd7 42. Kd5 Nf3 43. a4 a5 44. Nd8 Kxd8 45. Ke6 f5 46. Kf6 f4 47. Kg6 Ne5+ 48. Kxh6 f3 49. Kg7 f2 50. h6 f1=Q 51. h7 Qf7+ 52. Kh8 Ng6# 0-1

[Event "56th Rubinstein Memorial D 2020"]
[Site "Polanica Zdroj"]
[Date "2020.08.17"]
[Round "3.17"]
[White "Kaczanowski, Pawel"]
[Black "Bednarczyk, Mateusz"]
[Result "1-0"]
[ECO "B45"]
[WhiteElo "1655"]
[BlackElo "1500"]
[Annotator "NA RC"]
[PlyCount "72"]
[EventDate "2020.08.15"]
[EventType "swiss"]
[EventCountry "POL"]
[SourceTitle "playchess.com"]
[Source "ChessBase"]
[SourceQuality "1"]
[TimeControl "40/5400+30:1800+30"]

1. e4 c5 2. Nf3 Nc6 3. d4 cxd4 4. Nxd4 Nf6 5. Nc3 e6 6. Ndb5 Bb4 7. Nd6+ Ke7 8. Bf4 e5 9. Nf5+ Kf8 10. Bg5 h6 11. Bxf6 Qxf6 12. Bb5 Nd4 13. Nxd4 exd4 14. a3 dxc3 15. axb4 cxb2 16. Rb1 Qe5 17. Qe2 a6 18. Bd3 d6 19. O-O Qc3 20. Qe1 Qd4 21. Qd2 Be6 22. c3 Qf6 23. Rxb2 Rc8 24. Rc2 Bb3 25. Rcc1 b5 26. Ra1 Qxc3 27. Qxc3 Rxc3 28. Bxb5 Bc4 29. Bxc4 Rxc4 30. b5 Ke7 31. bxa6 Rxe4 32. a7 Ra8 33. Rfb1 Rc4 34. Rb8 Rxa7 35. Rxa7+ Ke6 36. Ra1 Rc8 1-0

[Event "56th Rubinstein Memorial D 2020"]
[Site "Polanica Zdroj"]
[Date "2020.08.17"]
[Round "3.18"]
[White "Stachowiak, Bruno"]
[Black "Wilgosz, Jan"]
[Result "0-1"]
[ECO "C50"]
[WhiteElo "1369"]
[BlackElo "1617"]
[Annotator "NA RC"]
[PlyCount "86"]
[EventDate "2020.08.15"]
[EventType "swiss"]
[EventCountry "POL"]
[SourceTitle "playchess.com"]
[Source "ChessBase"]
[SourceQuality "1"]
[TimeControl "40/5400+30:1800+30"]

1. e4 e5 2. Nf3 Nc6 3. Bc4 Nf6 4. d3 Bc5 5. Nc3 d6 6. h3 h6 7. Be3 Bb6 8. Qd2 Ba5 9. Qe2 Qe7 10. O-O g5 11. a3 Bxc3 12. bxc3 g4 13. hxg4 Nxg4 14. d4 Rg8 15. Bb5 Bd7 16. Bxc6 Bxc6 17. d5 Bd7 18. Rab1 Bc8 19. Qb5+ Kf8 20. c4 h5 21. Qb3 h4 22. Bg5 Rxg5 23. Nxg5 Qxg5 24. Rbe1 Qf4 25. g3 hxg3 26. Qxg3 Qxg3+ 27. fxg3 b6 28. Rf3 Kg7 29. Ref1 f6 30. Kg2 Ba6 31. Rh1 Bxc4 32. Rc3 b5 33. Rh4 Nh6 34. a4 a6 35. g4 Nf7 36. Rhh3 Ng5 37. Rhe3 Rh8 38. axb5 axb5 39. Ra3 Nxe4 40. Rxe4 Bxd5 41. Rae3 Bxe4+ 42. Rxe4 d5 43. Rb4 Rb8 0-1